 Dungeon Crawl Stone Soup version 0.21.1-1-g345015f (webtiles) character file.

182680 Monsterracer the Severer (level 17, 0/152 HPs)
             Began as a Purple Draconian Wizard on Feb 11, 2018.
             Was the Champion of Ashenzari.
             Shot with a bolt by Vashnia (1 damage)
             ... on level 4 of the Snake Pit.
             The game lasted 01:27:52 (41225 turns).

Monsterracer the Severer (Purple Draconian Wizard) Turns: 41225, Time: 01:27:53

Health: 0/152      AC: 25    Str:  5    XL:     17   Next: 72%
Magic:  32/32      EV: 18    Int: 29    God:    Ashenzari [******]
Gold:   1843       SH:  0    Dex: 14    Spells: 3/38 levels left

rFire    . . .     SeeInvis +   a - +9 executioner's axe "Xaol" {vamp, +Fly rElec rF- Int+3} (curse)
rCold    . . .     Gourm    .   (shield currently unavailable)
rNeg     . . .     Faith    .   (armour unavailable)
rPois    .         Spirit   .   A - +2 hat of the Fife {Dex+3} (curse)
rElec    +         Reflect  .   n - +2 cloak (curse)
rCorr    .         Harm     .   D - +2 pair of gloves (curse)
MR       +++..     Clarity  +   (no boots)
Stlth    ++++......             q - amulet of regeneration (curse)
HPRegen  0.75/turn              r - ring of Robustness {AC+8} (curse)
MPRegen  0.23/turn              L - ring of Fedhas's Condemnation {Wiz rF+ MR+ Str-5 Dex+4} (curse)

@: lethally poisoned (0 -> -15), constricted
A: breathe power, unfitting armour, clumsy 1, cold-blooded, AC +9
a: Breathe Dispelling Energy, Curse Item, Scrying, Transfer Knowledge, Renounce
Religion, Evoke Flight


You were on level 4 of the Snake Pit.
You worshipped Ashenzari.
Ashenzari was exalted by your worship.
You were not hungry.

You visited 4 branches of the dungeon, and saw 27 of its levels.
You also visited: Bailey and Ice Cave.

You collected 3016 gold pieces.
You spent 1173 gold pieces at shops.

Inventory:

Hand Weapons
 a - the cursed +9 executioner's axe "Xaol" (weapon) {vamp, +Fly rElec rF- Int+3}
   (You bought it in a shop on level 2 of the Orcish Mines)

   It inflicts no extra harm, but heals its wielder when it wounds a living foe.
   It affects your intelligence (+3).
   It makes you vulnerable to fire.
   It insulates you from electricity.
   It lets you fly.
   It has a curse placed upon it.
Missiles
 u - 3 throwing nets (quivered)
Armour
 n - a cursed +2 cloak (worn)
 A - the cursed +2 hat of the Fife (worn) {Dex+3}
   (You acquired it on level 8 of the Dungeon)

   It affects your dexterity (+3).
   It has a curse placed upon it.
 D - a cursed +2 pair of gloves (worn)
Jewellery
 p - a +6 ring of intelligence
 q - a cursed amulet of regeneration (around neck)
 r - the cursed ring of Robustness (left hand) {AC+8}
   (You found it on level 5 of the Dungeon)

   [ring of protection]

   It affects your AC (+8).
   It has a curse placed upon it.
 L - the cursed ring of Fedhas's Condemnation (right hand) {Wiz rF+ MR+ Str-5 Dex+4}
   (You found it on level 3 of the Lair of Beasts)

   [ring of wizardry]

   It improves your spell success rate.
   It affects your strength (-5).
   It affects your dexterity (+4).
   It protects you from fire.
   It affects your resistance to hostile enchantments.
   It has a curse placed upon it.
 N - an uncursed ring of ice
 P - an uncursed ring of positive energy {!d}
Wands
 l - a wand of digging (38)
 s - a wand of paralysis (37)
 v - a wand of clouds (13)
 x - a wand of polymorph (55)
 y - a wand of scattershot (4)
 B - a wand of flame (72)
 E - a wand of enslavement (36)
 F - a wand of acid (12)
 K - a wand of iceblast (36)
 M - a wand of disintegration (15)
Scrolls
 b - 4 scrolls of amnesia
 d - 4 scrolls of identify
 f - 8 scrolls of teleportation
 m - 4 scrolls of magic mapping {!r}
 z - 2 scrolls of enchant weapon
 G - 2 scrolls of fear {!r}
 J - a scroll of remove curse
 Q - a scroll of brand weapon
 S - 4 scrolls of enchant armour
 U - a scroll of fog
Potions
 e - 3 potions of might
 g - 10 potions of haste
 h - 6 potions of brilliance
 i - 11 potions of curing
 j - 2 potions of resistance
 k - 5 potions of agility
 o - 5 potions of flight
 t - a potion of invisibility
 C - 2 potions of mutation {!q}
 H - 9 potions of heal wounds
 I - 2 potions of lignification
 R - a potion of magic
 T - a potion of cancellation
Books
 w - a book of Unlife

   Spells                             Type                      Level
   a - Recall                         Summoning/Translocation      3
   b - Animate Dead                   Necromancy                   4
   c - Borgnjor's Vile Clutch         Necromancy/Earth             5
   d - Death Channel                  Necromancy                   6
   e - Simulacrum                     Ice/Necromancy               6
Comestibles
 c - 63 rations


   Skills:
 + Level 14.0 Fighting
 * Level 16.6(21.8) Axes
   Level 4.6(12.0) Polearms
 + Level 11.5(14.2) Dodging
 - Level 7.2(10.3) Stealth
   Level 6.3 Shields
 + Level 11.0 Spellcasting
 - Level 10.0(14.2) Conjurations
 - Level 5.3(9.8) Charms
 - Level 3.3(7.3) Summonings
 - Level 2.3(5.8) Translocations
 + Level 7.1(11.6) Transmutations
 - Level 2.4(6.0) Fire Magic
 - Level 5.0(9.4) Ice Magic
 - Level 2.3(5.8) Air Magic
 + Level 7.0(11.5) Earth Magic


You had 3 spell levels left.
You knew the following spells:

 Your Spells              Type           Power        Failure   Level  Hunger
a - Magic Dart            Conj           ####         0%          1    None
b - Conjure Flame         Conj/Fire      ######..     1%          3    None
c - Mephitic Cloud        Conj/Pois/Air  ######..     1%          3    None
d - Summon Lightning Spi  Summ/Air       ######..     1%          4    None
e - Blink                 Tloc           N/A          1%          2    None
f - Ozocubu's Armour      Chrm/Ice       ######..     1%          3    None
g - Throw Icicle          Conj/Ice       ######..     1%          4    None
h - Statue Form           Tmut/Erth      ######...    1%          6    #####..
i - Lesser Beckoning      Tloc           #####.....   1%          3    None
j - Passage of Golubria   Tloc           N/A          1%          4    None
v - Summon Butterflies    Summ           ######..     1%          1    None
z - Apportation           Tloc           #####.       1%          1    None


Dungeon Overview and Level Annotations

Branches:
Dungeon (15/15)            Temple (0/1) D:6            Lair (6/6) D:8
 Shoals (0/4) Lair:3        Snake (4/4) Lair:2        Slime (0/5) Lair:6
    Orc (2/2) D:12            Elf (0/3) Orc:2        Vaults (0/5) D:14
 Depths (0/5) D:15

Altars:
Ashenzari
Cheibriados
Elyvilon
Fedhas
Gozag
Kikubaaqudgha
Makhleb
Nemelex Xobeh
Okawaru
Qazlal
Uskayaw
Vehumet
Wu Jian
Zin
Beogh

Shops:
D:4 :   Orc:2 !!([[   Snake:3 ![

Annotations:
D:3 exclusion: downstairs
D:14 2 transporters
Snake:4 Vashnia


Innate Abilities, Weirdness & Mutations

You can breathe bolts of dispelling energy.
Your rich purple scales are hard. (AC +9)
You cannot fit into any form of body armour.
You are cold-blooded and may be slowed by cold attacks.
You are clumsy. (Dex -2)


Message History

The splash of poison hits you! You resist.
The nagaraja hits you but does no damage. x2
The naga hits you from afar with a glaive!
The naga mage gestures wildly while chanting.
The naga mage seems to speed up.
The nagaraja barely misses you. The nagaraja constricts you.
A naga sharpshooter comes into view. It is wielding a mace.
Unknown command.
You regained 6 hp, and now have 149/197 hp.
Unknown command.
You hit the nagaraja but do no damage.
The nagaraja is heavily wounded.
You slash Vashnia!
You feel better.
You hit the nagaraja but do no damage. You hit the naga mage.
You feel better.
You hit the salamander mystic.
You feel better. The naga warrior misses you.
The nagaraja completely misses you.
The nagaraja hits you but does no damage.
The naga mage hits you but does no damage.
The nagaraja barely misses you. The nagaraja constricts you.
The naga warrior completely misses you. The naga barely misses you.
The salamander mystic gestures at you while chanting.
The bolt of magma misses you. The nagaraja hits you with a flail.
The nagaraja barely misses you.
You regained 6 hp, and now have 155/197 hp.
You carve the nagaraja like a ham!!!
You feel better.
The nagaraja is severely wounded.
You slice the naga mage!!
You feel better.
You closely miss the salamander mystic. You slice the nagaraja!!
You slash Vashnia!
You feel better.
You revert to your normal fleshy form.
Your cursed +2 pair of gloves unmelds from your body.
You feel sick. The naga mage closely misses you.
The nagaraja casts a spell at you. The bolt of poison misses you.
The bolt of poison hits the naga mage.
The bolt of poison hits the naga.
The nagaraja constricts you. The naga warrior barely misses you.
The nagaraja hits you from afar with a spear!!
The nagaraja spits poison at you. The splash of poison hits you!
You are more poisoned.
The nagaraja hits you with a club. The nagaraja constricts you.
The naga barely misses you. The naga mage misses you.
The salamander mystic casts a spell at you.
The bolt of magma misses you. The naga hits you but does no damage.
The naga ritualist spits poison at you. The splash of poison misses you.
The nagaraja hits you but does no damage.
The naga warrior hits you from afar with a halberd.
Vashnia shoots a bolt.
The bolt hits you!
The nagaraja hits you but does no damage.
The naga sharpshooter gestures wildly while chanting.
The naga sharpshooter magically shoots a bolt.
The bolt hits you but does no damage.
You are too injured to fight recklessly!
You are too injured to fight recklessly!
You are too injured to fight recklessly!
You now have 99/152 hp.
You closely miss the nagaraja.
The nagaraja is severely wounded.
You barely miss the salamander mystic. You hit the naga mage.
You feel better.
You slash the nagaraja!
You feel better.
You miss Vashnia.
You feel sick.
The nagaraja gestures at you while chanting.
The poison arrow hits you!
You are more poisoned.
The nagaraja constricts you. The naga mage misses you.
The salamander mystic closely misses you.
The nagaraja hits you from afar with a spear!
* * * LOW HITPOINT WARNING * * *
The naga misses you.
The naga warrior hits you from afar with a halberd!!
* * * LOW HITPOINT WARNING * * *
The naga ritualist points at you and mumbles some strange words.
You resist with almost no effort. The nagaraja closely misses you.
The nagaraja constricts you.
The nagaraja hits you but does no damage.
The naga misses you.
The naga sharpshooter casts a spell.
The naga sharpshooter magically shoots a bolt.
The bolt hits you!!
* * * LOW HITPOINT WARNING * * *
A naga warrior and a nagaraja come into view.
You take 76 damage, and have 23/152 hp.
MASSIVE DAMAGE!!
Okay, then.
Okay, then.
Okay, then.
Okay, then.
You feel much better.
You feel very sick. The naga mage completely misses you.
The nagaraja barely misses you.
The naga sharpshooter unwields an uncursed mace.
The naga sharpshooter wields an uncursed arbalest.
The naga sharpshooter casts a spell.
The naga sharpshooter magically shoots a bolt.
The bolt hits you!!
* * * LOW HITPOINT WARNING * * *
The naga warrior barely misses you.
Vashnia mumbles some strange words.
Vashnia magically shoots a bolt.
The bolt hits you!
* * * LOW HITPOINT WARNING * * *
You die...

......## ,, , ,, , ,* ,,
.......##..NN*,, ,
*...,**,, ,,,
........##(.N#* , ,*#...*
, , .......)÷##...#
{*#.N.#*,,, ,
..#####...##N..#**#NN.##.
,,,,
..#...#....##...##NN.##..
, ,,
..#...#.....##N.NNNN##...
,,
..#...#......##)NNN##....,
,, ..
..'...#.......##@N##..) ,,
,,,,,.
..#...#........)NNN..#+*
***** #
..#####.........##...#, ∆
,+
.....................#,, *
**** #
######.....####+#....#, ,
, ,*#
.....#.....'....#....#,,+
, *#
.....#.....#....#....#,{*
, # ####.#.....#....#...##
, , , ,*#
...#.'.....#....#...#{{
,,, #


You could see Vashnia, 3 naga warriors, 4 nagarajas, 2 naga sharpshooters, a
salamander mystic, a naga ritualist, 2 naga magi and 7 nagas.

Vanquished Creatures
  3 nagarajas
  A frost giant (IceCv)
  2 orc warlords (Orc:2)
  Aizul (Snake:1)
  A stone giant (Orc:2)
  A dire elephant (Lair:6)
  Azrael (D:12)
  An ettin (D:15)
  Fannar (Orc:1)
  A fire dragon (Lair:6)
  An ogre mage (D:15)
  9 hydras
  Erolcha (D:13)
  The ghost of nikopol the Eclecticist, a journeyman DEFE of Vehumet (Lair:2)
  9 naga warriors
  4 centaur warriors
  11 anacondas
  A catoblepas (Lair:6)
  A queen ant (D:11)
  13 two-headed ogres
  5 death yaks
  2 tengu warriors (D:15)
  5 shock serpents
  3 orc high priests
  9 naga sharpshooters
  Sonja (Lair:1)
  Nergalle (Lair:3)
  A fire crab (Lair:6)
  2 salamander mystics (Snake:4)
  A wizard (D:14)
  5 skeletal warriors
  3 unseen horrors
  3 orc knights (Orc:2)
  A swamp dragon (Lair:6)
  2 lindwurms (Lair:6)
  2 deep elf archers
  A necromancer (D:14)
  7 naga ritualists
  12 mana vipers
  The ghost of komo4ek the Twirler, a novice CeAr of Gozag (D:7)
  8 ugly things
  3 orc sorcerers
  11 manticores
  6 salamanders
  3 cyclopes
  5 guardian serpents
  43 black mambas
  An ice statue (IceCv)
  3 orange demons (D:15)
  14 elephants
  11 naga magi
  12 spiny frogs
  A gargoyle (D:10)
  2 kobold demonologists (D:15)
  2 freezing wraiths (D:14)
  6 rime drakes
  3 red devils (D:15)
  An efreet (D:14)
  10 komodo dragons
  A queen bee (D:13)
  A merfolk (D:8)
  The ghost of bmj180 the Slasher, an amateur MiFi (D:4)
  3 meliai (D:13)
  18 polar bears
  6 trolls
  2 hornets
  Prince Ribbit (D:6)
  14 blink frogs
  2 dream sheep (Lair:6)
  22 slime creatures
  12 hippogriffs
  2 spriggans
  2 shadows (D:13)
  2 wraiths
  3 vampires
  A basilisk (D:15)
  59 yaks
  7 wyverns
  A hog (D:8)
  3 hungry ghosts
  2 fire elementals (D:12)
  5 vampire mosquitoes
  Edmund (D:5)
  39 nagas
  6 swamp worms (D:10)
  2 acid dragons
  4 wargs
  2 hell hounds (D:12)
  14 water moccasins
  23 soldier ants
  11 porcupines
  32 orc warriors
  5 ice beasts
  4 sky beasts
  A swamp drake (Lair:6)
  6 black bears
  A hornet zombie (D:13)
  An eye of draining (D:15)
  2 necrophages
  11 ogres
  8 centaurs
  28 wolves
  16 crocodiles
  4 big kobolds
  24 bullfrogs
  11 gnoll sergeants
  4 scorpions
  33 killer bees
  9 wights
  4 howler monkeys (D:10)
  4 electric eels (D:8)
  6 jellies
  7 crimson imps
  3 centaur zombies
  3 quasits
  4 bullfrog zombies
  8 gnoll shamans
  9 hounds
  3 bullfrog skeletons
  5 centaur skeletons
  31 orc priests
  8 iguanas
  32 orc wizards
  4 hell rats (Lair:5)
  35 worker ants
  2 killer bee zombies (D:8)
  A hound zombie (D:9)
  A hound skeleton (D:7)
  A howler monkey skeleton (D:10)
  2 worker ant zombies
  25 gnolls
  4 river rats (Lair:5)
  17 adders
  6 shadow imps
  3 oozes
  An adder zombie (D:8)
  14 worms
  A dart slug (D:2)
  123 orcs
  12 bats
  2 bat zombies (D:4)
  3 giant cockroaches
  7 goblins
  10 hobgoblins
  11 jackals
  4 quokkas
  2 ball pythons
  2 frilled lizards (D:1)
  19 kobolds
  A quokka skeleton (D:9)
  7 rats
  5 fungi
  4 plants
1204 creatures vanquished.

Vanquished Creatures (collateral kills)
  A hydra (D:14)
  A death yak (Lair:6)
  4 killer bees
6 creatures vanquished.

Vanquished Creatures (others)
  A salamander (Snake:1)
  A naga mage (Snake:4)
  5 yaks (Lair:6)
  A naga (Snake:4)
  2 wolves
  5 fungi
  54 plants
69 creatures vanquished.

Grand Total: 1279 creatures vanquished

Notes
Turn   | Place    | Note
-------+----------+-------------------------------------------
     0 | D:1      | Monsterracer the Draconian Wizard began the quest for the Orb.
     0 | D:1      | Reached XP level 1. HP: 14/14 MP: 4/4
   168 | D:1      | Reached XP level 2. HP: 18/20 MP: 0/6
   202 | D:1      | Learned a level 2 spell: Blink
  1113 | D:2      | Reached XP level 3. HP: 23/26 MP: 4/7
  1118 | D:2      | Learned a level 3 spell: Conjure Flame
  1457 | D:2      | HP: 13/26 [poisoned by an adder]
  1462 | D:2      | HP: 11/26 [poisoned by an adder]
  1467 | D:2      | HP: 9/26 [poisoned by an adder]
  1472 | D:2      | HP: 7/26 [adder (1)]
  1478 | D:2      | HP: 5/26 [poisoned by an adder]
  1482 | D:2      | HP: 2/26 [adder (2)]
  1511 | D:2      | HP: 4/26 [bat (1)]
  1516 | D:2      | HP: 3/26 [bat (1)]
  1548 | D:2      | HP: 2/26 [hobgoblin/club (4)]
  2162 | D:2      | Found a white marble altar of Elyvilon.
  2911 | D:2      | Reached XP level 4. HP: 33/33 MP: 4/8
  2934 | D:2      | Learned a level 3 spell: Mephitic Cloud
  3413 | D:3      | HP: 15/33 [gnoll/spear (5)]
  3414 | D:3      | Reached XP level 5. HP: 18/38 MP: 3/9
  3639 | D:3      | Reached skill level 5 in Conjurations
  4141 | D:3      | Found a shattered altar of Ashenzari.
  4162 | D:3      | Became a worshipper of Ashenzari the Shackled
  4938 | D:4      | Reached XP level 6. HP: 30/45 MP: 1/10
  5176 | D:4      | Found an ancient bone altar of Kikubaaqudgha.
  5247 | D:4      | Noticed bmj180's ghost (amateur MiFi)
  5602 | D:4      | Found Gilughoxt's Book Boutique.
  5608 | D:4      | Found an ornate altar of the Wu Jian Council.
  5746 | D:4      | Got the trident of Doors {venom, rC+}
  5838 | D:4      | Killed bmj180's ghost
  5838 | D:4      | Reached skill level 1 in Fighting
  5838 | D:4      | Your scales start taking on a rich purple colour.
  5838 | D:4      | Reached XP level 7. HP: 36/53 MP: 1/13
  6311 | D:5      | Entered Level 5 of the Dungeon
  6338 | D:4      | HP: 28/56 [poisoned by a killer bee]
  6343 | D:4      | HP: 27/56 [poisoned by a killer bee]
  6350 | D:4      | HP: 27/56 [poisoned by a killer bee]
  6358 | D:4      | HP: 26/56 [poisoned by a killer bee]
  6702 | D:5      | Noticed a two-headed ogre
  6852 | D:5      | HP: 26/56 [two-headed ogre/giant spiked club (7)]
  7072 | D:5      | Identified the +3 trident of Doors {venom, rC+} (You found it on level 4 of the Dungeon)
  7099 | D:5      | Found the ring of Robustness {AC+8}
  7159 | D:5      | Killed a two-headed ogre
  7159 | D:5      | Reached skill level 5 in Spellcasting
  7159 | D:5      | Reached XP level 8. HP: 41/66 MP: 0/16
  7326 | D:5      | Found a stormy altar of Qazlal.
  7511 | D:5      | Reached skill level 1 in Polearms
  7704 | D:5      | Noticed Edmund
  7716 | D:5      | Killed Edmund
  7922 | D:6      | Reached XP level 9. HP: 62/73 MP: 18/18
  8103 | D:6      | Found a snail-covered altar of Cheibriados.
  8108 | D:6      | Noticed Prince Ribbit
  8121 | D:6      | Killed Prince Ribbit
  8121 | D:6      | Reached skill level 5 in Fighting
  8313 | D:6      | Found a staircase to the Ecumenical Temple.
  8404 | D:6      | Found a radiant altar of Vehumet.
  8833 | D:6      | Found a glowing silver altar of Zin.
  8907 | D:7      | Found a flagged portal.
  8930 | Bailey   | Entered a bailey
  9386 | Bailey   | Reached skill level 10 in Conjurations
  9779 | D:7      | Found a burning altar of Makhleb.
  9836 | D:7      | Found an iron altar of Okawaru.
  9852 | D:7      | HP: 35/75 [bullfrog (6)]
  9857 | D:7      | HP: 29/75 [poisoned by a worker ant]
  9863 | D:7      | HP: 25/75 [poisoned by a worker ant]
  9863 | D:7      | Reached skill level 1 in Axes
  9869 | D:7      | HP: 22/75 [poisoned by a worker ant]
  9874 | D:7      | HP: 21/75 [poisoned by a worker ant]
  9881 | D:7      | HP: 21/75 [poisoned by a worker ant]
  9889 | D:7      | HP: 21/75 [poisoned by a worker ant]
 10348 | D:7      | Reached skill level 2 in Axes
 10401 | D:7      | Reached XP level 10. HP: 71/83 MP: 20/20
 10464 | D:7      | Noticed komo4ek's ghost (novice CeAr)
 10469 | D:7      | Killed komo4ek's ghost
 10578 | D:7      | Reached skill level 3 in Axes
 10843 | D:7      | Found a blossoming altar of Fedhas.
 10897 | D:7      | Reached * piety under Ashenzari
 11031 | D:7      | Found a sparkling altar of Nemelex Xobeh.
 11289 | D:8      | Reached skill level 4 in Axes
 11668 | D:8      | Noticed a manticore
 11672 | D:8      | Found a blossoming altar of Fedhas.
 11675 | D:8      | Noticed a manticore
 11683 | D:8      | Noticed a manticore
 11709 | D:8      | Reached skill level 5 in Axes
 11721 | D:8      | Killed a manticore
 11721 | D:8      | Reached skill level 5 in Dodging
 11728 | D:8      | Noticed a two-headed ogre
 11838 | D:8      | Reached skill level 6 in Axes
 11943 | D:8      | Killed a two-headed ogre
 11943 | D:8      | Reached XP level 11. HP: 76/94 MP: 16/22
 12276 | D:8      | HP: 46/94 [wyvern (15)]
 12505 | D:8      | Reached skill level 7 in Axes
 12508 | D:8      | Reached skill level 1 in Shields
 12937 | D:8      | Noticed a two-headed ogre
 12960 | D:8      | Killed a two-headed ogre
 13045 | D:8      | Found a staircase to the Lair.
 13295 | D:8      | Learned a level 4 spell: Summon Lightning Spire
 13503 | D:8      | Learned a level 3 spell: Ozocubu's Armour
 13508 | D:8      | Learned a level 4 spell: Throw Icicle
 13961 | D:8      | Identified a scroll of acquirement
 13961 | D:8      | Identified the cursed +2 hat of the Fife {Dex+3} (You acquired it on level 8 of the Dungeon)
 14806 | D:9      | Reached ** piety under Ashenzari
 14896 | D:9      | Reached skill level 8 in Axes
 14904 | D:9      | Found an opulent altar of Gozag.
 14998 | D:9      | Reached skill level 1 in Ice Magic
 15000 | D:9      | Got the cursed dagger "Syisuneapt" {pierce, +Inv Dex+3}
 15234 | D:9      | Found a hide-covered altar of Uskayaw.
 15528 | D:10     | Entered Level 10 of the Dungeon
 15686 | D:10     | Noticed a two-headed ogre
 15709 | D:10     | Killed a two-headed ogre
 16024 | D:10     | Got the falchion "Faaliwoe" {flame, rF+ rN+++ Str+4 Int-2}
 16298 | D:10     | Learned a level 1 spell: Apportation
 16612 | D:10     | HP: 44/95 [swamp worm (6)]
 16616 | D:10     | HP: 21/95 [cloud of noxious fumes (2)]
 16925 | D:10     | Reached XP level 12. HP: 89/104 MP: 16/23
 17166 | D:11     | HP: 47/104 [something (10)]
 17167 | D:11     | Reached skill level 9 in Axes
 17472 | D:11     | Found a frozen archway.
 17556 | IceCv    | Entered an ice cave
 17797 | IceCv    | Noticed a death yak
 17830 | IceCv    | Killed a death yak
 17941 | IceCv    | HP: 49/105 [yak (7)]
 18374 | IceCv    | HP: 44/105 [ice statue] (27)]
 18378 | IceCv    | HP: 13/105 [ice statue] (21)]
 18491 | IceCv    | HP: 44/105 [wolf (1)]
 18780 | IceCv    | HP: 39/106 [ice statue] (35)]
 19192 | IceCv    | Reached skill level 10 in Axes
 19319 | IceCv    | Noticed a death yak
 19507 | IceCv    | Reached skill level 5 in Shields
 19533 | IceCv    | HP: 47/106 [death yak (10)]
 19534 | IceCv    | Killed a death yak
 19543 | IceCv    | HP: 36/106 [yak (14)]
 19876 | IceCv    | Noticed a frost giant
 19942 | IceCv    | Reached skill level 10 in Fighting
 20134 | IceCv    | Killed a frost giant
 20134 | IceCv    | Reached XP level 13. HP: 72/113 MP: 16/24
 20568 | D:11     | Reached skill level 5 in Ice Magic
 20963 | D:11     | Reached skill level 5 in Stealth
 21126 | D:11     | Reached skill level 11 in Axes
 21161 | D:11     | Reached skill level 1 in Charms
 22006 | D:10     | Identified the +6 falchion "Faaliwoe" {flame, rF+ rN+++ Str+4 Int-2} (You took it off an orc on level 10 of the Dungeon)
 22087 | Lair:1   | Entered Level 1 of the Lair of Beasts
 22313 | Lair:1   | Noticed Sonja
 22332 | Lair:1   | Killed Sonja
 22505 | Lair:1   | Reached *** piety under Ashenzari
 23257 | Lair:2   | Found a staircase to the Snake Pit.
 23433 | Lair:2   | Noticed nikopol's ghost (journeyman DEFE)
 23459 | Lair:2   | Killed nikopol's ghost
 24349 | Lair:3   | Reached **** piety under Ashenzari
 24444 | Lair:3   | Noticed Nergalle
 24484 | Lair:3   | Found a staircase to the Shoals.
 24529 | Lair:3   | Killed Nergalle
 24891 | Lair:3   | Identified the ring of Fedhas's Condemnation {Wiz rF+ MR+ Str-5 Dex+4}
 25218 | Lair:4   | Reached skill level 12 in Axes
 25379 | Lair:4   | Reached ***** piety under Ashenzari
 25414 | Lair:4   | Reached XP level 14. HP: 121/124 MP: 21/25
 27399 | Lair:6   | Entered Level 6 of the Lair of Beasts
 27446 | Lair:6   | Reached skill level 5 in Charms
 28364 | Lair:6   | Reached skill level 13 in Axes
 28490 | Lair:6   | Found a staircase to the Slime Pits.
 28715 | Lair:6   | HP: 60/125 [poison (poison gas)]
 28906 | Lair:6   | Learned a level 1 spell: Summon Butterflies
 29367 | Lair:6   | Reached XP level 15. HP: 72/132 MP: 27/27
 29618 | Lair:6   | Identified the +6 hunting sling "Beastslayer" {velocity, rC- MR++}
 30063 | D:12     | HP: 62/132 [skeletal warrior/scimitar[a skeletal warrior] (20)]
 30069 | D:12     | HP: 54/132 [orc priest/divine providence (13)]
 30075 | D:11     | HP: 49/132 [skeletal warrior/short sword[a skeletal warrior] (9)]
 30202 | D:12     | Reached ****** piety under Ashenzari
 30568 | D:12     | HP: 60/132 [orc warrior/scimitar (22)]
 30703 | D:12     | Found a staircase to the Orcish Mines.
 30921 | D:12     | Noticed Azrael
 30934 | D:12     | Killed Azrael
 31194 | Orc:1    | Entered Level 1 of the Orcish Mines
 31219 | Orc:1    | Gained mutation: You are clumsy. (Dex -2) [a neqoxec]
 31515 | Orc:2    | Entered Level 2 of the Orcish Mines
 31541 | Orc:2    | Found Weatis's Distillery.
 31546 | Orc:2    | Found a staircase to the Elven Halls.
 31549 | Orc:2    | Bought a potion of heal wounds for 80 gold pieces
 31562 | Orc:2    | Reached skill level 10 in Dodging
 31603 | Orc:2    | Found a roughly hewn altar of Beogh.
 31795 | Orc:1    | Noticed Fannar
 31905 | Orc:1    | Killed Fannar
 32200 | Orc:2    | Noticed an orc warlord
 32292 | Orc:2    | Reached skill level 1 in Air Magic
 32316 | Orc:2    | Killed an orc warlord
 32316 | Orc:2    | Reached skill level 1 in Fire Magic
 32426 | Orc:2    | Found Cytaifask's Antique Armour Shop.
 32428 | Orc:2    | Found Urghauzukh's Antique Weapon Boutique.
 32429 | Orc:2    | Found a roughly hewn altar of Beogh.
 32443 | Orc:2    | Bought a twisted executioner's axe for 585 gold pieces
 32443 | Orc:2    | Identified the +9 executioner's axe "Xaol" {vamp, +Fly rElec rF- Int+3} (You bought it in a shop on level 2 of the Orcish Mines)
 32625 | Orc:2    | Noticed an orc warlord
 32631 | Orc:2    | HP: 60/134 [orc sorcerer/bolt of negative energy (21)]
 32916 | Orc:2    | Found a roughly hewn altar of Beogh.
 33006 | Orc:2    | Found a roughly hewn altar of Beogh.
 33032 | Orc:2    | Found Ybas's Distillery.
 33065 | Orc:2    | Bought a potion of heal wounds for 80 gold pieces
 33065 | Orc:2    | Bought a potion of heal wounds for 80 gold pieces
 33065 | Orc:2    | Bought a potion of heal wounds for 80 gold pieces
 33065 | Orc:2    | Bought a potion of cancellation for 128 gold pieces
 33129 | Orc:2    | Found a roughly hewn altar of Beogh.
 33130 | Orc:2    | Found Emuamonu's Armour Shop.
 33388 | Orc:2    | HP: 61/134 [orc warlord/long sword of slicing (14)]
 33393 | Orc:2    | HP: 42/201 [orc warlord/long sword of slicing (20)]
 33395 | Orc:2    | Killed an orc warlord
 34053 | D:13     | HP: 60/134 [meliai/divine providence (13)]
 34059 | D:13     | HP: 50/134 [killer bee (1)]
 34064 | D:13     | HP: 47/134 [poisoned by a killer bee]
 34069 | D:13     | HP: 48/134 [poisoned by a killer bee]
 34076 | D:13     | HP: 51/134 [poisoned by a killer bee]
 34084 | D:13     | HP: 55/134 [poisoned by a killer bee]
 34301 | D:13     | Reached skill level 14 in Axes
 34348 | D:13     | Noticed Erolcha
 34357 | D:13     | Killed Erolcha
 34448 | D:13     | Learned a level 6 spell: Statue Form
 34617 | D:14     | Reached skill level 1 in Transmutations
 34625 | D:14     | Found a transporter.
 34625 | D:14     | Found a transporter.
 34627 | D:14     | Found the +10 dark maul {crush}
 34629 | D:14     | Noticed a storm dragon
 34675 | D:14     | Reached skill level 1 in Earth Magic
 34718 | D:14     | HP: 60/134 [15-headed hydra (12)]
 34720 | D:14     | HP: 27/134 [15-headed hydra (8)]
 34915 | D:14     | Paralysed by a hornet for 1 turns
 34973 | D:14     | Reached XP level 16. HP: 141/141 MP: 29/29
 35066 | D:14     | Reached skill level 15 in Axes
 35271 | D:14     | Found a gate to the Vaults.
 35421 | D:15     | Entered Level 15 of the Dungeon
 36076 | D:15     | Found a staircase to the Depths.
 36258 | D:15     | Reached skill level 10 in Spellcasting
 36258 | D:15     | HP: 65/143 [tengu warrior/javelin[a tengu warrior] (12)]
 36268 | D:15     | HP: 50/143 [tengu warrior/great sword[a tengu warrior] (4)]
 36882 | Snake:1  | Entered Level 1 of the Snake Pit
 37076 | Snake:1  | Reached skill level 5 in Transmutations
 37077 | Snake:1  | Reached skill level 5 in Earth Magic
 37323 | Snake:1  | HP: 91/187 [naga sharpshooter/bolt (25)]
 37465 | Snake:1  | HP: 71/144 [naga sharpshooter/arrow (6)]
 37470 | Snake:1  | HP: 56/144 [poisoned by a naga sharpshooter (splash of poison)]
 37475 | Snake:1  | HP: 50/144 [poisoned by a naga sharpshooter (splash of poison)]
 37480 | Snake:1  | HP: 47/144 [poisoned by a naga sharpshooter (splash of poison)]
 37486 | Snake:1  | HP: 45/144 [poisoned by a naga sharpshooter (splash of poison)]
 37491 | Snake:1  | HP: 45/144 [poisoned by a naga sharpshooter (splash of poison)]
 37496 | Snake:1  | HP: 46/144 [poisoned by a naga sharpshooter (splash of poison)]
 37502 | Snake:1  | HP: 49/144 [poisoned by a naga sharpshooter (splash of poison)]
 37509 | Snake:1  | HP: 52/144 [poisoned by a naga sharpshooter (splash of poison)]
 37761 | Snake:1  | Learned a level 3 spell: Lesser Beckoning
 37766 | Snake:1  | Learned a level 4 spell: Passage of Golubria
 37787 | Snake:1  | Noticed Aizul
 37797 | Snake:1  | Killed Aizul
 38337 | Snake:2  | Reached XP level 17. HP: 144/150 MP: 31/31
 38549 | Snake:2  | Reached skill level 16 in Axes
 38842 | Snake:2  | Found a glowing silver altar of Zin.
 39838 | Snake:3  | Found Qyquhioz's Armour Emporium.
 39846 | Snake:3  | Found Jopn's Distillery.
 39874 | Snake:3  | Bought a potion of resistance for 140 gold pieces
 40380 | Snake:4  | Entered Level 4 of the Snake Pit
 40627 | Snake:4  | HP: 73/151 [poisoned by a naga ritualist (splash of poison)]
 40632 | Snake:4  | HP: 53/151 [poisoned by a naga ritualist (splash of poison)]
 40637 | Snake:4  | HP: 40/151 [poisoned by a naga ritualist (splash of poison)]
 40642 | Snake:4  | HP: 31/151 [poisoned by a naga ritualist (splash of poison)]
 40647 | Snake:4  | HP: 26/151 [poisoned by a naga ritualist (splash of poison)]
 40652 | Snake:4  | HP: 24/151 [poisoned by a naga ritualist (splash of poison)]
 40657 | Snake:4  | HP: 24/151 [poisoned by a naga ritualist (splash of poison)]
 40663 | Snake:4  | HP: 24/151 [poisoned by a naga ritualist (splash of poison)]
 40668 | Snake:4  | HP: 26/151 [poisoned by a naga ritualist (splash of poison)]
 40675 | Snake:4  | HP: 29/151 [poisoned by a naga ritualist (splash of poison)]
 40683 | Snake:4  | HP: 33/151 [poisoned by a naga ritualist (splash of poison)]
 41200 | Snake:4  | Noticed Vashnia
 41224 | Snake:4  | HP: 65/152 [nagaraja/spear (15)]
 41224 | Snake:4  | HP: 23/152 [naga sharpshooter/bolt (24)]
 41225 | Snake:4  | HP: 1/152 [Vashnia/bolt (17)]
 41225 | Snake:4  | Shot with a bolt by Vashnia

Skill      XL: |  1  2  3  4  5  6  7  8  9 10 11 12 13 14 15 16 17 |
---------------+----------------------------------------------------+-----
Conjurations   | 2 3 4 6 7 8 9 10 | 10.0
Fighting       | 1 4 6 7 9 10 11 12 13 14 | 14.0
Spellcasting   | 4 5 6 7 8 9 10 11 | 11.0
Polearms       | 2 4 |  4.6
Dodging        | 2 3 5 6 7 8 9 10 11 | 11.5
Axes           | 2 6 8 10 12 13 14 15 16 | 16.6
Stealth        | 4 6 7 |  7.2
Shields        | 3 5 6 8 7 6 |  6.3
Ice Magic      | 2 4 5 |  5.0
Charms         | 4 5 |  5.3
Summonings     | 3 |  3.3
Air Magic      | 2 |  2.3
Fire Magic     | 2 |  2.4
Translocations | 2 |  2.3
Transmutations | 1 5 7 |  7.1
Earth Magic    | 1 5 7 |  7.0

Action                   |  1- 3 |  4- 6 |  7- 9 | 10-12 | 13-15 | 16-18 || total
-------------------------+-------+-------+-------+-------+-------+-------++-------
Melee: Short sword       |     5 |    10 |       |       |       |       ||    15
       Falchion          |       |    14 |       |       |       |       ||    14
       Tailslap          |       |     6 |    15 |    77 |   151 |    61 ||   310
       Spear             |       |    44 |       |       |       |       ||    44
       Mace              |       |     2 |     2 |       |       |       ||     4
       Trident           |       |       |   303 |    83 |       |       ||   386
       Broad axe         |       |       |    40 |   779 |  1701 |       ||  2520
       Executioner's axe |       |       |       |       |    55 |   781 ||   836
 Cast: Magic Dart        |   112 |   125 |   118 |    56 |    81 |       ||   492
       Conjure Flame     |     1 |     2 |    16 |    24 |    15 |     1 ||    59
       Blink             |     1 |       |     3 |     1 |     4 |     1 ||    10
       Mephitic Cloud    |       |     7 |    20 |    32 |    14 |       ||    73
       Ozocubu's Armour  |       |       |       |     1 |     3 |       ||     4
       Summon Lightning  |       |       |       |       |     3 |     2 ||     5
       Statue Form       |       |       |       |       |       |    14 ||    14
       Passage of Golubr |       |       |       |       |       |     1 ||     1
Invok: Curse Item        |       |     1 |       |     4 |     3 |     1 ||     9
       Transfer Knowledg |       |       |       |       |     1 |       ||     1
 Abil: Breathe Dispellin |       |       |     5 |     6 |     7 |       ||    18
  Use: Scroll            |       |    12 |     7 |     7 |    18 |       ||    44
       Potion            |       |       |       |     1 |     3 |     1 ||     5
 Stab: Confused          |       |     4 |     7 |     9 |     6 |       ||    26
       Sleeping          |       |       |       |     5 |    22 |    24 ||    51
       Distracted        |       |       |       |     3 |     8 |     4 ||    15
       Petrifying        |       |       |       |       |     1 |       ||     1
  Eat: Chunk             |     5 |    11 |    17 |    24 |    44 |    13 ||   114
       Ration            |       |       |       |     3 |     4 |     4 ||    11
Armor: Skin              |    18 |    31 |   116 |   435 |   589 |   588 ||  1777
Dodge: Dodged            |    45 |    94 |   157 |   712 |  1164 |  1230 ||  3402
Block: Shield            |       |       |       |       |   617 |       ||   617
       Rpst.: Falchion   |       |    10 |       |       |       |       ||    10

Vault maps used:
D:1:      dpeg_arrival_shelter
D:2:      elyvilon_altar_1, serial_forest, infiniplex_forest_corner_2,
          infiniplex_forest_end_2, infiniplex_forest_clump_curved,
          infiniplex_forest_clump_cross, infiniplex_forest_lined_3,
          infiniplex_forest_clump_diagonal, infiniplex_forest_pool
D:3:      cheibrodos_ashenzari_chains, first_ration
D:4:      lemuel_crystal_altar, lemuel_zombie_altar_kikubaaqudgha, serial_shops,
          nicolae_shop_behind_doors
D:5:      nicolae_qazlal_eye_of_the_storm, uniq_edmund
D:6:      lemuel_round_altar, kennysheep_mini_moat, kennysheep_mini,
          minmay_temple_entry_enclosed_plants, uniq_prince_ribbit1
D:7:      fedhas_altar_4, makhleb_grotto_becter, kennysheep_okawaru_gauntlet,
          lemuel_doored_altar, enter_bailey_2
D:8:      kennysheep_town
D:9:      eat_drink_and_be_merry_uskayaw, grunt_gozag_statues, the_bakery,
          hangedman_minor_gate_pass
D:10:     worms_lemuel
D:11:     portal_ice_cave_rime, minivault_29
D:12:     david_orc_4, uniq_azrael
D:13:     uniq_erolcha
D:14:     gammafunk_sealed_arena, david_vaults_1, palyth_stone_intersect,
          serial_bayou_pond_a
D:15:     hangedman_depths_entry_civil_slaughter, dk_noncrumbling_2,
          minmay_beelzebubs_servants
Lair:1:   eino_small_chamber_without_monster, beast_lair_carwin_5,
          infiniplex_staircase_pool_2, serial_bayou_shore_a, uniq_sonja
Lair:2:   guppyfry_snake_entry_island
Lair:3:   minmay_shoals_entry_beasts, uniq_nergalle
Lair:4:   beast_lair_carwin_large_3
Lair:5:   kennysheep_abandoned_house, grunt_megastairs_5
Lair:6:   hangedman_lair_in_review, guppyfry_lair_end_dragon,
          nicolae_slime_entry_slimehenge, grunt_forest_large_clearing_hut,
          lemuel_fruit_fields
Snake:1:  nicolae_snake_shapes, serial_bayou_shore_b, grunt_megastairs_2,
          uniq_aizul
Snake:2:  basic_altar
Snake:3:  grunt_ministairs_7, minmay_shop_star
Snake:4:  johnstein_snake_rune_scales
Orc:1:    nicolae_orc_jurassic_orc, uniq_fannar
Orc:2:    grunt_orc_community_town_hall, grunt_orc_community_big_house_1,
          grunt_orc_community_big_house_2, grunt_orc_community_house_2,
          grunt_orc_community_house_2, grunt_orc_community_house_1,
          grunt_orc_community_house_2, serial_shops, shop, elf_legates
Bailey:   bailey_polearm_gnolls_kennysheep, bailey
IceCv:    ice_cave_caverns_01
